 Dungeon Crawl Stone Soup version 0.23.2-1-ga50397a (webtiles) character file.

Game seed: 17390651912759119072

496 mopl the Insei (level 6, -5/47 HPs)
             Began as a Mummy Monk on May 7, 2019.
             Slain by Grinder (6 damage)
             ... on level 4 of the Dungeon.
             The game lasted 00:09:19 (6862 turns).

mopl the Insei (Mummy Monk)                         Turns: 6862, Time: 00:09:20

Health: -5/47      AC:  0    Str: 14    XL:     6   Next: 93%
Magic:  6/6        EV: 16    Int: 10    God:
Gold:   297        SH:  0    Dex: 16    Spells: 5/5 levels left

rFire    . . .     SeeInvis .     - Unarmed
rCold    + . .     Gourm    .   (no shield)
rNeg     + + +     Faith    .   (no armour)
rPois    ∞         Spirit   .   (no helmet)
rElec    .         Reflect  .   (no cloak)
rCorr    .         Harm     .   (no gloves)
MR       .....                  (no boots)
Stlth    ++........             (no amulet)
HPRegen  0.15/turn              h - ring of protection from fire
MPRegen  0.10/turn              e - +3 ring of evasion

@: no status effects
A: no food or potions, fire vulnerability, cold resistance 1, negative energy
resistance 3, torment resistance, unbreathing
a: no special abilities


You were on level 4 of the Dungeon.
You were not hungry.

You visited 1 branch of the dungeon, and saw 5 of its levels.

You collected 297 gold pieces.

Inventory:

Jewellery
 c - an uncursed ring of magical power
 e - a +3 ring of evasion (right hand)
 h - a ring of protection from fire (left hand)
Wands
 f - a wand of digging (8)
Scrolls
 a - 2 scrolls of immolation
 b - a scroll of identify
 d - a scroll of magic mapping
 g - 2 scrolls of fear


   Skills:
 + Level 3.5 Fighting
 - Level 2.4 Dodging
 - Level 1.5 Stealth
 * Level 6.4 Unarmed Combat


You had 5 spell levels left.
You didn't know any spells.
Your spell library was empty.

Dungeon Overview and Level Annotations

Branches:
Dungeon (5/15)
 Temple: D:4-7

Altars:
Qazlal
Xom

Annotations:
D:4 Duvessa, Grinder
D:5 exclusion: jelly


Innate Abilities, Weirdness & Mutations

You do not eat or drink.
Your flesh is vulnerable to fire.
You are immune to poison.
Your flesh is cold resistant. (rC+)
You are immune to negative energy. (rN+++)
You are immune to unholy pain and torment.
You can survive without breathing.


Message History

The wyvern skeleton is moderately damaged.
The wyvern skeleton bites you.
* * * LOW HITPOINT WARNING * * *
You punch the wyvern skeleton!
The wyvern skeleton is heavily damaged.
The wyvern skeleton closely misses you. The wyvern skeleton bites you.
* * * LOW HITPOINT WARNING * * *
You punch the wyvern skeleton!
The wyvern skeleton is almost destroyed.
Grinder says, "Tell me all your secrets, or I'll kill you."
The wyvern skeleton closely misses you.
You barely miss the wyvern skeleton.
The wyvern skeleton is almost destroyed.
The wyvern skeleton barely misses you. Grinder hits you!
* * * LOW HITPOINT WARNING * * *
You barely miss the wyvern skeleton.
The wyvern skeleton is almost destroyed.
The wyvern skeleton completely misses you.
Grinder hits you.
You die...

............#
###########.
######5###.#
#.......>... #.#
#.#####.#########.
## .# #.# #....5..#
## . .
#5########### .#.
#.....# # ...
#####.# # #.# #5#
##### ### #.# #@#
#(..######.. #†#
#Z#####.#.)..%....
#.#
#.#.......######..
#.# #.#.####### ##.
#.# #.#.# #######.
#.# #.#.# #.......
#.# #.#.# ##.#####.
#.#############.#.#
#........
#.##............#.#
#(.#####.


You could see Grinder and a wyvern skeleton.

Vanquished Creatures
  A centaur (D:4)
  Dowan (D:4)
  A bullfrog zombie (D:4)
  An orc priest (D:3)
  An orc wizard (D:3)
  A bullfrog skeleton (D:5)
  3 worker ants
  An iguana (D:3)
  5 adders
  3 gnolls (D:2)
  An adder skeleton (D:4)
  3 worms
  3 dart slugs
  A leopard gecko (D:3)
  5 orcs
  4 ball pythons
  A goblin (D:2)
  6 hobgoblins
  A jackal (D:2)
  2 quokkas
  2 bats
  2 frilled lizards
  A jackal zombie (D:4)
  12 kobolds
  7 rats
69 creatures vanquished.

Notes
Turn   | Place    | Note
-------+----------+-------------------------------------------
     0 | D:1      | mopl the Mummy Monk began the quest for the Orb.
     0 | D:1      | Reached XP level 1. HP: 18/18 MP: 1/1
   917 | D:1      | Reached XP level 2. HP: 22/24 MP: 2/2
   942 | D:1      | Reached skill level 3 in Unarmed Combat
  1927 | D:2      | Reached XP level 3. HP: 15/29 MP: 3/3
  2588 | D:2      | Reached skill level 4 in Unarmed Combat
  2768 | D:2      | Reached XP level 4. HP: 24/35 MP: 4/4
  3148 | D:3      | Found a shimmering altar of Xom.
  3712 | D:3      | Found a faded altar of an unknown god.
  3785 | D:3      | Found a stormy altar of Qazlal.
  3916 | D:3      | You fall through a shaft!
  3960 | D:4      | Reached XP level 5. HP: 30/41 MP: 5/5
  4238 | D:3      | Reached skill level 5 in Unarmed Combat
  5382 | D:4      | Noticed Dowan
  5447 | D:4      | Noticed a centaur
  5455 | D:4      | Killed a centaur
  5455 | D:4      | Reached XP level 6. HP: 32/47 MP: 6/6
  5596 | D:4      | Reached skill level 6 in Unarmed Combat
  6087 | D:4      | Noticed Duvessa
  6151 | D:4      | Killed Dowan
  6482 | D:4      | Noticed Grinder
  6485 | D:4      | Paralysed by Grinder for 7 turns
  6510 | D:5      | Entered Level 5 of the Dungeon
  6861 | D:4      | HP: 1/47 [Grinder (10)]
  6862 | D:4      | Slain by Grinder

Skill      XL: |  1  2  3  4  5  6 |
---------------+-------------------+-----
Unarmed Combat | 3 4 5 6 |  6.4
Fighting       | |  3.5
Dodging        | |  2.4
Stealth        | |  1.5

Action                   |  1- 3 |  4- 6 || total
-------------------------+-------+-------++-------
Melee: Unarmed           |   142 |   193 ||   335
       Punch             |     2 |     6 ||     8
  Use: Scroll            |       |     5 ||     5
 Stab: Sleeping          |     3 |     4 ||     7
Dodge: Dodged            |    91 |   150 ||   241
